 Dungeon Crawl Stone Soup version 0.31-a0-986-g5e6e4ef867 (webtiles) character file.

Game seed: 4107544003092379423

5392 skwerlee the Thaumaturge (level 10, 0/75 HPs)
             Began as a Djinni Fire Elementalist on Nov 12, 2023.
             Was a Priest of Nemelex Xobeh.
             Slain by a freezing wraith (8 damage)
             ... on level 9 of the Dungeon.
             The game lasted 00:48:37 (9454 turns).

skwerlee the Thaumaturge (Djinni Fire Elementalist) Turns: 9454, Time: 00:48:39

Health: 0/75       AC:  3    Str:  7    XL:     10   Next: 98%
Gold:   506        EV: 13    Int: 17    God:    Nemelex Xobeh [***...] SH:  0 Dex: 15

rFire   + + +        b - +6 rapier of Faijupp Tyaxt {freeze, *Corrode rElec MP+9 SInv}
rCold   x . .        (no shield)
rNeg    . . .        k - +0 steam dragon scales
rPois   ∞            (no helmet)
rElec   +            l - +1 cloak
rCorr   +            (no gloves)
SInv    +            (boots unavailable)
Will    ++...        (no amulet)
Stlth   ++           o - ring "Vuffet" {rF+++ Will+ rCorr Int-3 Slay+5}
HPRegen 0.32/turn    (no ring)
MPRegen 0.00/turn

%: corrode self (3%), infuse magic (-1 HP)
@: corroded, flying, studying Translocations
A: sickness immunity, fire resistance 2, cold vulnerability 1, float, innate
caster, HP casting, extra vitality 1
a: Renounce Religion, Draw Escape, Draw Destruction, Draw Summoning, Triple Draw


You were on level 9 of the Dungeon.
You worshipped Nemelex Xobeh.
Nemelex Xobeh was most pleased with you.
You visited 1 branch of the dungeon, and saw 9 of its levels.
You also visited: Bailey.

You collected 586 gold pieces.
You spent 80 gold pieces at shops.

Inventory:

Hand Weapons
 b - the +6 rapier of Faijupp Tyaxt (weapon) {freeze, *Corrode rElec MP+9 SInv}
   (You found it on level 6 of the Dungeon)

   rElec:     It insulates you from electricity.
   MP+9:      It affects your magic capacity (+9).
   SInv:      It lets you see invisible.
   *Corrode:  It may corrode you when you take damage.
 d - the +5 short sword of Myirgh {freeze, SInv}
   (You found it on level 2 of the Dungeon)

   SInv:      It lets you see invisible.
Armour
 k - +0 steam dragon scales (worn)
 l - a +1 cloak (worn)
 t - a +1 robe of willpower
Jewellery
 o - the ring "Vuffet" (left hand) {rF+++ Will+ rCorr Int-3 Slay+5}
   (You found it on level 4 of the Dungeon)

   [ring of willpower]

   Int-3:     It affects your intelligence (-3).
   Slay+5:    It affects your accuracy & damage with ranged weapons and melee
   (+5).
   rF+++:     It renders you almost immune to fire.
   Will+:     It increases your willpower.
   rCorr:     It protects you from acid and corrosion.
 r - a ring of see invisible
Wands
 c - a wand of paralysis (2)
 q - a wand of light (4)
Scrolls
 a - 2 scrolls of teleportation
 e - a scroll of silence
 g - a scroll of enchant weapon
 h - a scroll of fear
 i - 2 scrolls of butterflies
 n - a scroll of noise
Potions
 f - a potion of enlightenment {unknown}
 j - 3 potions of brilliance
 m - 3 potions of ambrosia
 p - a potion of attraction {unknown}
 s - a potion of berserk rage {unknown}
 u - a potion of haste
 v - a potion of invisibility {unknown}


   Skills:
 + Level 7.5 Fighting
 + Level 6.8 Short Blades
 - Level 3.8 Dodging
 - Level 3.6 Stealth
 + Level 8.3 Spellcasting
 + Level 8.3 Conjurations
 + Level 8.3 Hexes
 + Level 8.3 Summonings
 + Level 8.3 Necromancy
 + Level 8.3 Translocations
 + Level 8.3 Transmutations
 + Level 8.3 Fire Magic
 + Level 8.3 Ice Magic
 + Level 8.3 Air Magic
 + Level 8.3 Earth Magic
 + Level 8.3 Poison Magic


You knew the following spells:

 Your Spells              Type           Power      Damage    Failure   Level
a - Foxfire               Conj/Fire      100%       2x1d9     1%          1
b - Scorch                Fire           70%        2d7       1%          2
c - Volatile Blastmotes   Fire/Tloc      70%        2d15      1%          3
d - Inner Flame           Hex/Fire       35%        N/A       1%          3
e - Flame Wave            Conj/Fire      35%        2d10      3%          4
f - Apportation           Tloc           70%        N/A       1%          1
g - Searing Ray           Conj           70%        2d7       1%          2
h - Teleport Other        Tloc           35%        N/A       1%          3
i - Iskenderun's Mystic   Conj/Tloc      35%        2d8       3%          4
Your spell library was empty.

Dungeon Overview and Level Annotations

Branches:
Dungeon (9/15)             Temple (0/1) D:6          Bailey (visited)
   Lair: D:8-11         Orc: D:9-12

Altars:
Nemelex Xobeh
Qazlal
Uskayaw

Shops:
D:2 (   D:3 *

Annotations:
D:9 Erolcha


Innate Abilities, Weirdness & Mutations

You are immune to sickness and miasma.
You are immune to poison.
Your flesh is very heat resistant. (rF++)
You are vulnerable to cold. (rC-)
You float through the air rather than walking.
You learn spells naturally, not from books.
Your magical power is your life essence.
You have superior vitality. (+4 MHP)


Message History

You conjure some foxfire!
The foxfire hits the freezing wraith.
The freezing wraith is moderately damaged.
The foxfire hits the freezing wraith but does no damage.
The freezing wraith is moderately damaged.
Casting: Foxfire (safe; 1% risk of failure)
Press: ? - help, Q - select action, (/) - cycle Dir - look around, f - activate You conjure some foxfire!
The foxfire hits the freezing wraith but does no damage.
The freezing wraith is moderately damaged.
The foxfire hits the freezing wraith!
The freezing wraith is burned terribly!
The freezing wraith is heavily damaged.
Casting: Foxfire (safe; 1% risk of failure)
Press: ? - help, Q - select action, (/) - cycle Dir - look around, f - activate You conjure some foxfire!
The foxfire hits the freezing wraith but does no damage.
The freezing wraith is heavily damaged.
The foxfire hits the freezing wraith but does no damage.
The freezing wraith is heavily damaged.
You barely miss the freezing wraith.
The freezing wraith is heavily damaged.
The foxfire hits the freezing wraith but does no damage.
The freezing wraith is heavily damaged.
The foxfire hits the freezing wraith but does no damage.
The freezing wraith is heavily damaged.
You puncture the freezing wraith!
The freezing wraith is severely damaged.
The freezing wraith hits you! The freezing wraith freezes you!
You feel a terrible chill! The freezing wraith misses you.
You hit the freezing wraith.
The freezing wraith is severely damaged.
The freezing wraith closely misses you. The freezing wraith barely misses you.
You hit the freezing wraith.
The freezing wraith is almost destroyed.
The freezing wraith hits you! The freezing wraith freezes you!!
You feel a terrible chill!
* * * LOW HITPOINT WARNING * * *
Your corrosive artefact corrodes you!
The freezing wraith hits you!
You die...
Your body glows slightly and disappears.

#...# ......
#...##......
#...##......
##...##.....
#.........#
#########.........#
..................#
...............W..#
................@.#
.............##.#.#
.............##.#.#
.............##.#.#
.............##.#.#
.............##.#.#
###############.#.#
#.#..


You could see a freezing wraith.

Vanquished Creatures
  A centaur warrior (D:9)
  A manticore (D:9)
  Jeremiah (D:8)
  5 yaks (D:8)
  A wyvern (D:7)
  Grum (D:8)
  A steam dragon (D:8)
  2 vampire mosquitoes (D:9)
  Menkaure (D:6)
  A water moccasin (D:5)
  4 orc warriors
  A black bear (D:6)
  3 wolves
  An ogre (D:5)
  3 centaurs
  6 bullfrogs
  3 scorpions
  A wight (D:9)
  3 jellies
  5 hounds
  Crazy Yiuf (D:3)
  A gnoll bouda (D:7)
  An orc priest (D:7)
  3 iguanas (D:5)
  Natasha (thrice) (D:3)
  5 orc wizards
  Robin (D:3)
  10 adders
  7 gnolls
  A white imp (D:8)
  A worm (D:5)
  3 dart slugs
  18 orcs
  7 bats (D:1)
  5 endoplasms
  5 giant cockroaches
  17 goblins
  8 hobgoblins
  3 jackals (D:1)
  A quokka (D:3)
  11 ball pythons
  9 kobolds
  7 rats
173 creatures vanquished.

Vanquished Creatures (collateral kills)
  A foxfire (D:6)
1 creature vanquished.

Vanquished Creatures (others)
  713 foxfires
713 creatures vanquished.

Grand Total: 887 creatures vanquished

Notes
Turn   | Place    | Note
-------+----------+-------------------------------------------
     0 | D:1      | skwerlee the Djinni Fire Elementalist began the quest for
                  | the Orb.
     0 | D:1      | skwerlee set off with the following spells memorised:
                  | Foxfire, Scorch, Volatile Blastmotes, Inner Flame, Flame
                  | Wave.
     0 | D:1      | Reached XP level 1. HP: 15/15 MP: 0/0
    88 | D:1      | Reached XP level 2. HP: 17/21 MP: 0/0
   488 | D:1      | Reached XP level 3. HP: 20/25 MP: 0/0
   488 | D:1      | Learned a level 1 spell: Apportation
  1028 | D:2      | Identified the +5 short sword of Myirgh {freeze, SInv}
  1260 | D:2      | Found Xeoblit's Weapon Shoppe.
  1641 | D:2      | Reached XP level 4. HP: 31/31 MP: 0/0
  2000 | D:3      | Reached XP level 5. HP: 33/35 MP: 0/0
  2000 | D:3      | Learned a level 2 spell: Searing Ray
  2029 | D:3      | Found Cogumaru's Assorted Antiques.
  2029 | D:3      | Noticed Natasha
  2043 | D:3      | Killed Natasha
  2059 | D:3      | Bought a scroll labelled JULOECWAQO for 20 gold pieces
  2059 | D:3      | Bought a scroll labelled PUMEUVV AKOADU for 20 gold pieces
  2059 | D:3      | Bought a scroll labelled JULOECWAQO for 20 gold pieces
  2059 | D:3      | Bought a scroll labelled IRUGIS OWASM for 20 gold pieces
  2203 | D:3      | Noticed Robin
  2220 | D:3      | Killed Robin
  2394 | D:3      | Found a runed translucent door.
  2395 | D:3      | Noticed Crazy Yiuf
  2469 | D:3      | Noticed Natasha
  2475 | D:3      | Killed Natasha
  2507 | D:3      | Noticed Natasha
  2512 | D:3      | Killed Natasha
  2513 | D:3      | Reached XP level 6. HP: 32/40 MP: 0/0
  2776 | D:3      | Killed Crazy Yiuf
  3312 | D:4      | Identified the ring "Vuffet" {rF+++ Will+ rCorr Int-3
                  | Slay+5}
  4122 | D:5      | Entered Level 5 of the Dungeon
  4406 | D:5      | Found a sparkling altar of Nemelex Xobeh.
  4421 | D:5      | Reached skill level 1 in Short Blades
  4421 | D:5      | Reached XP level 7. HP: 42/46 MP: 0/0
  4421 | D:5      | Learned a level 3 spell: Teleport Other
  4424 | D:5      | Became a worshipper of Nemelex Xobeh the Trickster
  4521 | D:5      | Reached skill level 1 in Fighting
  4774 | D:5      | Noticed a water moccasin
  4778 | D:5      | Killed a water moccasin
  5031 | D:5      | Reached XP level 8. HP: 53/55 MP: 0/0
  5348 | D:5      | Reached * piety under Nemelex Xobeh
  5466 | D:6      | Identified the +6 rapier of Faijupp Tyaxt {freeze, *Corrode
                  | rElec MP+9 SInv}
  5488 | D:6      | Reached skill level 5 in Spellcasting
  5488 | D:6      | Reached skill level 5 in Conjurations
  5488 | D:6      | Reached skill level 5 in Hexes
  5488 | D:6      | Reached skill level 5 in Summonings
  5488 | D:6      | Reached skill level 5 in Necromancy
  5488 | D:6      | Reached skill level 5 in Translocations
  5488 | D:6      | Reached skill level 5 in Transmutations
  5488 | D:6      | Reached skill level 5 in Fire Magic
  5488 | D:6      | Reached skill level 5 in Ice Magic
  5488 | D:6      | Reached skill level 5 in Air Magic
  5488 | D:6      | Reached skill level 5 in Earth Magic
  5488 | D:6      | Reached skill level 5 in Poison Magic
  5546 | D:6      | Received a gift from Nemelex Xobeh
  5562 | D:6      | Found a staircase to the Ecumenical Temple.
  5578 | D:6      | Reached skill level 5 in Short Blades
  5622 | D:6      | Noticed Menkaure
  5626 | D:6      | Killed Menkaure
  5830 | D:6      | Reached XP level 9. HP: 58/60 MP: 0/0
  5830 | D:6      | Learned a level 4 spell: Iskenderun's Mystic Blast
  6387 | D:7      | Received a gift from Nemelex Xobeh
  6484 | D:7      | Found a flagged portal.
  6486 | D:7      | Reached ** piety under Nemelex Xobeh
  6490 | Bailey   | Entered a bailey
  6495 | Bailey   | Noticed an orc warlord
  6546 | Bailey   | Found a runed translucent gate.
  6546 | Bailey   | Found a runed translucent gate.
  6554 | Bailey   | Found a runed translucent gate.
  6948 | D:7      | Found a stormy altar of Qazlal.
  7282 | D:7      | Received a gift from Nemelex Xobeh
  7288 | D:8      | Noticed Jeremiah
  7300 | D:8      | Killed Jeremiah
  7307 | D:8      | Noticed Grum
  7318 | D:7      | Reached XP level 10. HP: 12/69 MP: 0/0
  7731 | D:8      | Reached skill level 5 in Fighting
  8029 | D:8      | Killed Grum
  8147 | D:8      | Reached *** piety under Nemelex Xobeh
  8384 | D:8      | Found a hide-covered altar of Uskayaw.
  8793 | D:9      | Noticed a centaur warrior
  8808 | D:9      | Killed a centaur warrior
  9035 | D:9      | Identified the +5 scale mail "Zaotzet" {Rampage rN++}
  9174 | D:9      | Noticed a manticore
  9186 | D:9      | Killed a manticore
  9384 | D:9      | Noticed Erolcha
  9443 | D:9      | Noticed a freezing wraith
  9454 | D:9      | Slain by a freezing wraith

Illustrated notes

Levels and vault maps discovered:
D:1:      amcnicky_arrival_double_pillar, layout_rooms
D:2:      layout_loops_ring, serial_shops, nicolae_shop_behind_doors
D:3:      layout_rooms, serial_shops, nicolae_shop_tiny_statue_garden,
          hangedman_decor_push, uniq_natasha, uniq_crazy_yiuf_cottage,
          uniq_robin
D:4:      layout_basic, hangedman_abyss_or_decor_lesser_grid
D:5:      layout_basic, mainiacjoe_overflow_paths, minmay_bent
D:6:      layout_basic, mainiacjoe_overflow_alcove_1,
          minmay_temple_entry_statues_fountains, dreamdust_princess_bridge,
          kennysheep_cluttered_room, minmay_diced_spiral, uniq_menkaure
D:7:      layout_basic, mainiacjoe_overflow_24_doors, enter_bailey_2
D:8:      layout_basic, kennysheep_little_box, uniq_jeremiah, uniq_grum
D:9:      minmay_tri_box, layout_basic, grunt_gozag_breadcrumbs, uniq_erica,
          uniq_erolcha

Skill      XL: |  1  2  3  4  5  6  7  8  9 10 |
---------------+-------------------------------+-----
Spellcasting   | 4 5 6 8 |  8.3
Conjurations   | 4 5 6 8 |  8.3
Hexes          | 4 5 6 8 |  8.3
Summonings     | 4 5 6 8 |  8.3
Necromancy     | 4 5 6 8 |  8.3
Translocations | 4 5 6 8 |  8.3
Transmutations | 4 5 6 8 |  8.3
Fire Magic     | 4 5 6 8 |  8.3
Ice Magic      | 4 5 6 8 |  8.3
Air Magic      | 4 5 6 8 |  8.3
Earth Magic    | 4 5 6 8 |  8.3
Poison Magic   | 4 5 6 8 |  8.3
Stealth        | 2 3 |  3.6
Dodging        | 3 |  3.8
Short Blades   | 1 3 5 6 |  6.8
Fighting       | 2 3 4 7 |  7.5

Action                     |  1- 3 |  4- 6 |  7- 9 | 10-12 || total
---------------------------+-------+-------+-------+-------++-------
  Melee: Short sword       |       |    14 |    35 |       ||    49
         Punch             |       |       |     1 |     1 ||     2
         Rapier            |       |       |    19 |    17 ||    36
   Cast: Foxfire           |   105 |   144 |   170 |    44 ||   463
         Volatile Blastmot |       |     1 |     1 |       ||     2
         Scorch            |       |     1 |       |       ||     1
         Teleport Other    |       |       |     3 |       ||     3
         Searing Ray       |       |       |    29 |    26 ||    55
         Iskenderun's Myst |       |       |     3 |       ||     3
         Flame Wave        |       |       |     1 |     2 ||     3
 Invoke: Draw Destruction  |       |       |     3 |     2 ||     5
         Draw Escape       |       |       |       |     2 ||     2
    Use: Scroll            |       |     7 |     7 |     5 ||    19
         Potion            |       |       |     4 |     2 ||     6
   Stab: Sleeping          |       |       |     1 |       ||     1
 Armour: Robe              |    13 |    18 |    26 |    11 ||    68
         Steam dragon scal |       |       |       |    31 ||    31
  Dodge: Dodged            |    21 |    19 |    45 |    28 ||   113

Table legend: (Time is in decaauts)
 A = Elapsed time spent in this place.
 B = Non-inter-level travel time spent in this place.
 C = Inter-level travel time spent in this place.
 D = Time resting spent in this place.
 E = Time spent auto-exploring this place.
 F = Levels seen in this place.
 G = Mean time per level.
                   A        B        C        D        E       F      G
               +--------+--------+--------+--------+--------+-----+--------+
         Total |   9432 |   9193 |    239 |   3355 |   4178 |  10 |  943.2 |
       Dungeon |   9108 |   8869 |    239 |   3291 |   4161 |   9 | 1012.0 |
        Bailey |    323 |    323 |      0 |     64 |     17 |   1 |  323.0 |
               +--------+--------+--------+--------+--------+-----+--------+

Top non-repeatable levels by time:
     D:5: 1277 daAuts
     D:8: 1223 daAuts
     D:4: 1121 daAuts
     D:3: 1116 daAuts
     D:1: 998 daAuts
     D:7: 929 daAuts
     D:2: 889 daAuts
     D:6: 861 daAuts
     D:9: 691 daAuts
  Bailey: 323 daAuts
